 Dungeon Crawl Stone Soup version 0.20.0-15-g7f486f2 (webtiles) character file.

9512 tselfspeed the Severer (level 11, -7/102 HPs)
             Began as a Minotaur Berserker on June 22, 2017.
             Was a High Priest of Trog.
             Mangled by a white ugly thing (33 damage)
             ... on level 11 of the Dungeon.
             The game lasted 00:06:45 (4700 turns).

tselfspeed the Severer (Minotaur Berserker)         Turns: 4700, Time: 00:06:45

Health: -7/102     AC: 11    Str: 24    XL:     11   Next: 24%
Magic:  10/10      EV:  7    Int:  4    God:    Trog [*****.]
Gold:   202        SH: 13    Dex: 11    Spells: 10/10 levels left

rFire    . . .     SeeInvis .   s - +5 war axe (freeze) (curse)
rCold    . . .     Gourm    .   J - +2 shield
rNeg     . . .     Faith    .   k - +0 chain mail
rPois    .         Spirit   .   j - +0 hat
rElec    .         Reflect  .   (no cloak)
rCorr    .         Harm     .   (no gloves)
MR       .....                  g - +2 pair of boots
Stlth    ..........             (no amulet)
Regen    0.3/turn               (no ring)
MPRegen  0.2/turn               (no ring)

@: berserk cooldown
A: retaliatory headbutt, horns 2
a: Berserk, Trog's Hand, Brothers in Arms, Burn Spellbooks, Renounce Religion


You were on level 11 of the Dungeon.
You worshipped Trog.
Trog was extremely pleased with you.
You were not hungry.

You visited 1 branch of the dungeon, and saw 11 of its levels.

You collected 258 gold pieces.
You spent 56 gold pieces at shops.

Inventory:

Hand Weapons
 a - a +0 hand axe
 s - a cursed +5 war axe of freezing (weapon)
Armour
 b - a +0 animal skin
 g - a +2 pair of boots (worn)
 j - a +0 hat (worn)
 k - a +0 chain mail (worn)
 J - a +2 shield (worn)
Jewellery
 z - an uncursed ring of see invisible {unknown}
 A - an uncursed amulet of magic regeneration {unknown}
 C - a cursed amulet of inaccuracy {unknown}
 K - a cursed ring of teleportation {unknown}
Wands
 u - a wand of lightning (8/15)
 y - a wand of lightning (13/15)
 D - a wand of flame (19/48)
 E - a wand of iceblast (5/15)
 L - a wand of flame (33/48)
Scrolls
 d - 9 scrolls of identify
 e - 2 scrolls of recharging {unknown}
 f - 5 scrolls of remove curse {unknown}
 h - a scroll of noise {unknown}
 n - a scroll of enchant armour {unknown}
 o - a scroll of fear {unknown}
 q - a scroll of blinking {unknown}
 v - 3 scrolls of teleportation {unknown}
 x - a scroll of enchant weapon {unknown}
 F - a scroll of magic mapping {unknown}
 H - a scroll of brand weapon {unknown}
Potions
 i - a potion of brilliance {unknown}
 l - a potion of lignification {unknown}
 p - 4 potions of curing {unknown}
 r - 2 potions of mutation {unknown}
 w - a potion of might {unknown}
 B - a potion of invisibility {unknown}
 M - a potion of resistance {unknown}
 N - a potion of heal wounds {unknown}
Comestibles
 c - 3 bread rations
 m - a meat ration
 t - 12 royal jellies
 G - a fruit
 I - 12 chunks of flesh


   Skills:
 + Level 11.5 Fighting
 * Level 15.2 Axes
 - Level 2.4 Armour
 - Level 2.1 Dodging
 * Level 8.5 Shields


You had 10 spell levels left.
You didn't know any spells.

Dungeon Overview and Level Annotations

Branches:
Dungeon (11/15)              Lair (0/6) D:9             Orc (0/2) D:11
 Temple: D:4-7

Altars:
Fedhas
Gozag
Makhleb
Okawaru
Vehumet

Shops:
D:6 :   D:8 ?


Innate Abilities, Weirdness & Mutations

You reflexively headbutt those who attack you in melee.
You have a pair of horns on your head.


Message History

You hit the white ugly thing.
The white ugly thing is moderately wounded.
You hit the centaur. You freeze the centaur. You block the centaur's attack.
The white ugly thing headbutts you. The white ugly thing freezes you!!
You slash the centaur! You freeze the centaur.
You kill the centaur!
Trog accepts your kill.
You hit the white ugly thing. You freeze the white ugly thing.
You completely miss the white ugly thing.
The white ugly thing is moderately wounded.
The white ugly thing headbutts you. The white ugly thing freezes you!!
Unknown command.
You are too injured to fight recklessly!
You are too injured to fight recklessly!
You slash the white ugly thing!
The white ugly thing is heavily wounded.
The white ugly thing headbutts you.
* * * LOW HITPOINT WARNING * * *
The white ugly thing freezes you!!
You die...

#########+##
#..........#
#..........### #####+###
#..........'.# #.......#
#...>.....(#.###.......(
#.....u@(..#..##......(#
#.....)....##.##.....(.#
#..........##.†'....(..#
#..........#####..((...#
#.......$..# #)......#
#..........# #.......#
############ #########


You could see a white ugly thing.

Vanquished Creatures
  3 two-headed ogres
  Nergalle (D:11)
  An ugly thing (D:11)
  A manticore (D:11)
  The ghost of baldghoti the Digger, a novice GrEE (D:4)
  A troll (D:11)
  Prince Ribbit (D:8)
  2 hippogriffs (D:8)
  A wyvern (D:9)
  9 yaks (D:9)
  Sigmund (D:3)
  5 porcupines (D:9)
  2 black bears (D:9)
  An ice beast (D:8)
  A sky beast (D:11)
  3 orc warriors
  4 ogres
  2 phantoms
  3 centaurs
  A big kobold (D:9)
  A water moccasin zombie (D:9)
  A wyvern skeleton (D:11)
  2 scorpions
  12 wights
  2 howler monkeys (D:11)
  A crimson imp (D:6)
  A bullfrog zombie (D:8)
  A centaur zombie (D:6)
  3 hounds
  A bullfrog skeleton (D:9)
  5 jellies
  6 orc priests
  6 orc wizards
  An iguana (D:8)
  2 worker ants
  A killer bee zombie (D:9)
  A hound zombie (D:7)
  A worker ant zombie (D:11)
  3 adders
  3 shadow imps
  7 oozes
  An adder zombie (D:9)
  27 orcs
  4 giant cockroaches
  8 goblins
  5 hobgoblins
  5 jackals (D:3)
  4 kobolds
  A quokka (D:7)
  A bat (D:1)
  5 rats
  3 fungi (D:9)
  A plant (D:9)
170 creatures vanquished.

Vanquished Creatures (others)
  A centaur (D:6)
  5 fungi (D:9)
  A plant (D:9)
7 creatures vanquished.

Grand Total: 177 creatures vanquished

Notes
Turn   | Place    | Note
-------+----------+-------------------------------------------
     0 | D:1      | tselfspeed the Minotaur Berserker began the quest for the Orb.
     0 | D:1      | Reached XP level 1. HP: 19/19 MP: 0/0
   267 | D:2      | Reached skill level 4 in Axes
   316 | D:3      | Reached XP level 2. HP: 27/27 MP: 1/1
   479 | D:3      | Noticed Sigmund
   483 | D:3      | Killed Sigmund
   483 | D:3      | Reached skill level 5 in Fighting
   483 | D:3      | Reached skill level 6 in Axes
   483 | D:3      | Reached XP level 3. HP: 36/36 MP: 2/2
   483 | D:3      | Reached XP level 4. HP: 42/42 MP: 3/3
   483 | D:3      | Reached XP level 5. HP: 48/48 MP: 4/4
   532 | D:3      | Reached ** piety under Trog
   697 | D:4      | Noticed baldghoti's ghost (novice GrEE)
   697 | D:4      | Found an iron altar of Okawaru.
   709 | D:4      | Killed baldghoti's ghost
   709 | D:4      | Reached skill level 7 in Axes
   709 | D:4      | Reached XP level 6. HP: 57/57 MP: 5/5
   780 | D:5      | Entered Level 5 of the Dungeon
   878 | D:6      | Reached skill level 8 in Axes
   878 | D:6      | Reached XP level 7. HP: 64/64 MP: 6/6
  1048 | D:6      | Reached skill level 9 in Axes
  1079 | D:6      | Found a blossoming altar of Fedhas.
  1160 | D:6      | Found Yriav's Book Boutique.
  1330 | D:6      | Found an opulent altar of Gozag.
  1556 | D:7      | Found a radiant altar of Vehumet.
  1556 | D:7      | Found a burning altar of Makhleb.
  1569 | D:7      | Reached XP level 8. HP: 73/73 MP: 7/7
  1631 | D:7      | Reached skill level 10 in Axes
  1633 | D:7      | Reached *** piety under Trog
  2283 | D:8      | Found Waethe's Magic Scroll Emporium.
  2289 | D:8      | Bought a scroll of identify for 28 gold pieces
  2289 | D:8      | Bought a scroll of identify for 28 gold pieces
  2294 | D:8      | Noticed Prince Ribbit
  2300 | D:8      | Killed Prince Ribbit
  2300 | D:8      | Reached skill level 11 in Axes
  2348 | D:8      | Reached XP level 9. HP: 83/83 MP: 8/8
  2551 | D:8      | Reached skill level 12 in Axes
  2707 | D:8      | Noticed a two-headed ogre
  2710 | D:8      | Killed a two-headed ogre
  2997 | D:8      | Reached skill level 10 in Fighting
  2997 | D:8      | Reached skill level 13 in Axes
  3302 | D:9      | Reached **** piety under Trog
  3306 | D:9      | Reached skill level 1 in Shields
  3349 | D:9      | Found a staircase to the Lair.
  3367 | D:9      | Reached XP level 10. HP: 82/94 MP: 9/9
  3547 | D:9      | Noticed a two-headed ogre
  3552 | D:9      | Killed a two-headed ogre
  3552 | D:9      | Reached skill level 14 in Axes
  3638 | D:9      | Reached skill level 5 in Shields
  4091 | D:10     | Entered Level 10 of the Dungeon
  4235 | D:10     | Noticed a two-headed ogre
  4244 | D:10     | Killed a two-headed ogre
  4355 | D:11     | Noticed a manticore
  4361 | D:11     | Killed a manticore
  4361 | D:11     | Reached XP level 11. HP: 102/102 MP: 10/10
  4407 | D:11     | Noticed Nergalle
  4415 | D:11     | Killed Nergalle
  4415 | D:11     | Reached ***** piety under Trog
  4415 | D:11     | Reached skill level 15 in Axes
  4653 | D:11     | Noticed a purple ugly thing
  4658 | D:11     | Killed a purple ugly thing
  4682 | D:11     | Found a staircase to the Orcish Mines.
  4693 | D:11     | Noticed a white ugly thing
  4700 | D:11     | Mangled by a white ugly thing

Skill      XL: |  1  2  3  4  5  6  7  8  9 10 11 |
---------------+----------------------------------+-----
Axes           | 4 6 7 8 9 11 13 14 15 | 15.2
Fighting       | 5 6 7 9 10 11 | 11.5
Shields        | 2 7 8 |  8.5
Armour         | |  2.4
Dodging        | |  2.1

Action                   |  1- 3 |  4- 6 |  7- 9 | 10-12 || total
-------------------------+-------+-------+-------+-------++-------
Melee: Hand axe          |    40 |    67 |     8 |       ||   115
       Headbutt          |     3 |     9 |    33 |    27 ||    72
       War axe           |       |       |   132 |   141 ||   273
Invok: Berserk           |     2 |     2 |     9 |     7 ||    20
  Eat: Chunk             |       |     3 |    12 |    12 ||    27
       Bread ration      |       |       |     1 |       ||     1
Armor: Chain mail        |    14 |    36 |    59 |    32 ||   141
       Animal skin       |     1 |       |       |       ||     1
Dodge: Dodged            |    26 |    29 |    47 |    21 ||   123
Block: Shield            |       |       |     9 |    65 ||    74
